 Dungeon Crawl Stone Soup version 0.19.1 (webtiles) character file.

13 Mangustan the Grave Robber (level 2, -1/20 HPs)
             Began as a Ghoul Necromancer on Nov 26, 2016.
             Slain by an adder (2 damage)
             ... on level 2 of the Dungeon.
             The game lasted 00:05:34 (822 turns).

Mangustan the Grave Robber (Ghoul Necromancer)       Turns: 822, Time: 00:05:35

Health: -1/20      AC:  3    Str: 11    XL:     2   Next: 37%
Magic:  3/3        EV: 11    Int: 10    God:
Gold:   37         SH:  0    Dex:  9    Spells: 2 memorised, 2 levels left

rFire  . . .     SeeInvis .     f - +0 short sword
rCold  + . .     Gourm    .     e - +0 leather armour
rNeg   + + +     Faith    .     (no shield)
rPois  ∞         Spirit   .     (no helmet)
rElec  .         Reflect  .     (no cloak)
rCorr  .         Harm     .     (no gloves)
MR     .....                    (no boots)
Stlth  ++........               (no amulet)
                                (no ring)
                                (no ring)

@: rotting
A: rotting body, claws 1, carnivore 3, cold resistance 1, negative energy
resistance 3, slow regeneration 1, torment resistance, unbreathing
a: no special abilities


You were on level 2 of the Dungeon.
You were not hungry.

You visited 1 branch of the dungeon, and saw 2 of its levels.

You collected 37 gold pieces.

Inventory:

Hand Weapons
 f - a +0 short sword (weapon)
Missiles
 d - 58 stones (quivered)
Armour
 a - a +0 robe
 e - a +0 leather armour (worn)
Jewellery
 g - a cursed ring of teleportation {unknown}
Scrolls
 h - a scroll of fear {unknown}
 i - 2 scrolls of remove curse {unknown}
Books
 b - a book of Necromancy

   Spells                             Type                      Level
   a - Pain                           Necromancy                   1
   b - Animate Skeleton               Necromancy                   1
   c - Vampiric Draining              Necromancy                   3
   d - Regeneration                   Charms/Necromancy            3
   e - Animate Dead                   Necromancy                   4
   f - Control Undead                 Necromancy                   4
Comestibles
 c - a meat ration
 j - a chunk of flesh


   Skills:
 + Level 0.1 Armour
 + Level 1.7 Dodging
 + Level 2.3 Stealth
 + Level 0.2 Unarmed Combat
 + Level 1.9 Spellcasting
 + Level 4.3 Necromancy


You had 2 spell levels left.
You knew the following spells:

 Your Spells              Type           Power        Failure   Level  Hunger
a - Pain                  Necr           #...         10%         1    ##.....
b - Animate Skeleton      Necr           N/A          10%         1    ##.....


Dungeon Overview and Level Annotations

Branches:
Dungeon (2/15)

Altars:


Innate Abilities, Weirdness & Mutations

Your body is rotting away.
You thrive on raw meat.
You are immune to poison.
You have sharp fingernails.
You are carnivorous and can eat meat at any time.
Your flesh is cold resistant. (rC+)
You are immune to negative energy. (rN+++)
You regenerate slowly when monsters are visible.
You are immune to unholy pain and torment.
You can survive without breathing.


Message History

Confirm with . or Enter, or press ? or * to list all spells.
There is nothing here that can be animated!
The adder misses you.
You hit the adder.
The adder is heavily wounded.
The adder closely misses you.
You barely miss the adder.
The adder is moderately wounded.
The adder bites you.
* * * LOW HITPOINT WARNING * * *
The adder barely misses you.
Unknown command.
You hit the adder but do no damage.
The adder is moderately wounded.
The adder bites you.
* * * LOW HITPOINT WARNING * * *
You closely miss the adder.
The adder is moderately wounded.
The adder bites you.
You die...

#.# #.# .#.# #.# #.#
.....#######.# # #
............)# #
#.##......[..# #
#.##..#####.####### #
#K##..# ##.#......
#.##.<####....#
.$.#.##.##@.........#
........))S.####...##
.....########
##...... #.# #######


You could see an adder.

Vanquished Creatures
  2 goblins
  2 hobgoblins (D:2)
  3 kobolds
  A quokka (D:2)
  A bat (D:2)
  2 frilled lizards
11 creatures vanquished.

Notes
Turn   | Place    | Note
-------+----------+-------------------------------------------
     0 | D:1      | Mangustan the Ghoul Necromancer began the quest for the Orb.
     0 | D:1      | Reached XP level 1. HP: 14/14 MP: 2/2
   211 | D:1      | Learned a level 1 spell: Animate Skeleton
   222 | D:1      | You fall through a shaft!
   362 | D:2      | Reached XP level 2. HP: 12/18 MP: 0/3
   821 | D:2      | HP: 1/20 [adder (1)]
   822 | D:2      | Slain by an adder

Action                   || total
-------------------------++-------
Melee: Unarmed           ||    13
       Short sword       ||    37
Throw: Stone             ||     1
 Cast: Pain              ||     8
       Animate Skeleton  ||     3
  Eat: Chunk             ||     2
Armor: Leather armour    ||    15
Dodge: Dodged            ||    46
